 Dungeon Crawl Stone Soup version 0.26-a0-812-g31a745ddcd (webtiles) character file.

Game seed: 15943483805196333125

129 Borgoz the Twirler (level 5, -7/32 HPs)
             Began as a Gargoyle Gladiator on Dec 7, 2020.
             Mangled by an ogre
             ... wielding a +0 giant club
              (12 damage)
             ... on level 3 of the Dungeon.
             The game lasted 00:02:58 (2621 turns).

Borgoz the Twirler (Gargoyle Gladiator)             Turns: 2621, Time: 00:02:58

Health: -7/32      AC:  9    Str: 18    XL:     5   Next: 12%
Magic:  5/5        EV: 12    Int:  8    God:
Gold:   125        SH:  0    Dex: 12    Spells: 4/4 levels left

rFire    . . .     SeeInvis .   a - +0 quarterstaff
rCold    . . .     Faith    .   (shield currently unavailable)
rNeg     + . .     Spirit   .   b - +0 leather armour
rPois    ∞         Reflect  .   c - +0 helmet
rElec    +         Harm     .   (no cloak)
rCorr    .         Rampage  .   (no gloves)
MR       .....                  l - +0 pair of boots
Stlth    +.........             (no amulet)
HPRegen  0.10/turn              (no ring)
MPRegen  0.09/turn              (no ring)

@: no status effects
A: negative energy resistance 1, electricity resistance, unbreathing,
petrification resistance, rot immunity, AC +4
a: no special abilities


You were on level 3 of the Dungeon.
You visited 1 branch of the dungeon, and saw 3 of its levels.

You collected 125 gold pieces.

Inventory:

Hand Weapons
 a - a +0 quarterstaff (weapon)
Missiles
 d - a throwing net (quivered)
Armour
 b - a +0 leather armour (worn)
 c - a +0 helmet (worn)
 l - a +0 pair of boots (worn)
Jewellery
 k - an uncursed ring of wizardry
 n - an uncursed ring of flight
Wands
 m - a wand of digging (5)
Scrolls
 e - a scroll of identify
 g - 2 scrolls of remove curse
 i - a scroll of amnesia
Potions
 f - a potion of haste
 h - 2 potions of curing


   Skills:
 + Level 3.1 Fighting
 * Level 4.2 Staves
 - Level 1.7 Throwing
 + Level 1.9 Armour
 + Level 3.0 Dodging


You had 4 spell levels left.
You didn't know any spells.
Your spell library was empty.

Dungeon Overview and Level Annotations

Branches:
Dungeon (3/15)

Altars:


Innate Abilities, Weirdness & Mutations

You are resistant to torment.
Your stone body is resilient. (AC +4)
You are immune to poison.
You resist negative energy. (rN+)
You are resistant to electric shocks. (rElec)
You can survive without breathing.
You are immune to petrification.
You are immune to rotting.


Message History

The goblin shouts!
The ogre closely misses you.
You barely miss the ogre.
The ogre is moderately wounded.
The ogre closely misses you.
You sock the ogre!
The ogre is heavily wounded.
The ogre hits you with a +0 giant club!!
Ouch! That really hurt!
* * * LOW HITPOINT WARNING * * *
You are too injured to fight recklessly!
You are too injured to fight recklessly!
There are monsters nearby!
Throwing (i - inventory)
d - 2 throwing nets (quivered)
Press: ? - help, Shift-Dir - straight line, f - ogre
Aim: an ogre, wielding a +0 giant club (heavily wounded)
You throw a throwing net.
The throwing net barely misses the ogre.
The ogre hits you with a +0 giant club!
You die...

........#
#(.......>........
#.................
#.......#####.....
#.......# #.....
###..g....# #.....
#####.........## #.....
#......O.......####....(
.......@................
........................
......†.................
........................
...........†............
..........#####........)
..........# #.........
######....# #.........
#....# #.........


You could see an ogre and a goblin.

Vanquished Creatures
  Jessica (D:2)
  A gnoll (D:1)
  An ooze (D:1)
  A dart slug (D:1)
  3 worms (D:2)
  2 leopard geckos
  8 giant cockroaches
  9 goblins
  10 hobgoblins
  7 jackals (D:1)
  9 kobolds
  8 bats
  7 frilled lizards
  7 rats
74 creatures vanquished.

Vanquished Creatures (others)
  2 plants (D:3)
2 creatures vanquished.

Grand Total: 76 creatures vanquished

Notes
Turn   | Place    | Note
-------+----------+-------------------------------------------
     0 | D:1      | Borgoz the Gargoyle Gladiator began the quest for the Orb.
     0 | D:1      | Reached XP level 1. HP: 12/12 MP: 1/1
   289 | D:1      | Reached XP level 2. HP: 15/18 MP: 2/2
   530 | D:1      | Reached skill level 1 in Armour
   561 | D:1      | Reached XP level 3. HP: 22/22 MP: 3/3
  1151 | D:1      | Reached XP level 4. HP: 24/27 MP: 4/4
  1437 | D:2      | Noticed Jessica
  1449 | D:2      | Killed Jessica
  1449 | D:2      | Reached skill level 4 in Staves
  2455 | D:3      | Reached XP level 5. HP: 27/32 MP: 5/5
  2612 | D:3      | Noticed an ogre
  2621 | D:3      | Mangled by an ogre

Illustrated notes

Levels and vault maps discovered:
D:1:      scummos_arrival_simple_crosswalls, layout_basic, serial_corexii_hall,
          corexii_hall_statues_s, corexii_hall_statues_t,
          corexii_hall_statues_l, corexii_hall_statues_s,
          chequers_hall_statues_corner_a, chequers_hall_statues_corner_a
D:2:      layout_basic, uniq_jessica
D:3:      minmay_chambers_of_threes, layout_basic, lemuel_doored_altar,
          chequers_ecumenical_altar_lobes

Skill      XL: |  1  2  3  4 |
---------------+-------------+-----
Armour         | 1 |  1.9
Fighting       | 3 |  3.1
Staves         | 4 |  4.2
Dodging        | 3 |  3.0
Throwing       | |  1.7

Action                   |  1- 3 |  4- 6 || total
-------------------------+-------+-------++-------
Melee: Quarterstaff      |   105 |    93 ||   198
Throw: Throwing net      |     2 |     1 ||     3
  Use: Scroll            |       |     7 ||     7
 Stab: Held in net/web   |     1 |       ||     1
Armor: Leather armour    |    44 |    39 ||    83
Dodge: Dodged            |    51 |    56 ||   107

Table legend: (Time is in decaauts)
 A = Elapsed time spent in this place.
 B = Non-inter-level travel time spent in this place.
 C = Inter-level travel time spent in this place.
 D = Time resting spent in this place.
 E = Time spent auto-exploring this place.
 F = Levels seen in this place.
 G = Mean time per level.
                   A        B        C        D        E       F      G
               +--------+--------+--------+--------+--------+-----+--------+
         Total |   2642 |   2569 |     73 |    148 |   1941 |   3 |  880.7 |
       Dungeon |   2642 |   2569 |     73 |    148 |   1941 |   3 |  880.7 |
               +--------+--------+--------+--------+--------+-----+--------+

Top non-repeatable levels by time:
     D:1: 1325 daAuts
     D:2: 1140 daAuts
     D:3: 176 daAuts
